 Dungeon Crawl Stone Soup version 0.30.1-11-g7821555f0a (webtiles) character file.

Game seed: 12083330182667869949

8911 Nonny the Martial Artist (level 11, -4/78 HPs)
             Began as a Demonspawn Gladiator on Nov 27, 2023.
             Was an Elder of Fedhas.
             Slain by an orc warlord
             ... wielding a +0 scimitar
              (48 damage)
             ... on level 1 of the Orcish Mines.
             The game lasted 00:30:47 (7877 turns).

Nonny the Martial Artist (Demonspawn Gladiator)     Turns: 7877, Time: 00:30:47

Health: -4/78      AC: 14    Str: 21    XL:     11   Next: 16%
Magic:  12/17      EV: 15    Int: 11    God:    Fedhas [****..]
Gold:   617        SH:  0    Dex: 18    Spells: 10/10 levels left

rFire   . .          .
                       - Unarmed
rCold   . . .        (no shield)
rNeg    . . .        D - +4 ring mail "Viergh" {Str+3}
rPois   +            b - +1 helmet
rElec   .            (no cloak)
rCorr   .            (no gloves)
SInv    .            a - +1 pair of boots
Will    .....        m - amulet of regeneration
Stlth   ++           g - +4 ring of slaying
HPRegen 3.13/turn    h - +6 ring of strength
MPRegen 0.15/turn

%: no passive effects
@: studying Invocations
A: demonic guardian 2, powered by death 2, demonic touch 2, poison resistance,
weak 1
a: Renounce Religion, Wall of Briars, Grow Ballistomycete, Overgrow


You were on level 1 of the Orcish Mines.
You worshipped Fedhas.
Fedhas was greatly pleased with you.
You visited 3 branches of the dungeon, and saw 11 of its levels.
You also visited: Bailey.

You collected 617 gold pieces.

Inventory:

Missiles
 c - 4 throwing nets
 d - a javelin
 i - 85 stones (quivered)
 w - 3 atropa-tipped darts
 F - 2 boomerangs
 I - a curare-tipped dart
Armour
 a - a +1 pair of boots (worn)
 b - a +1 helmet (worn)
 D - the +4 ring mail "Viergh" (worn) {Str+3}
   (You took it off a goblin in a bailey)

   Str:       It affects your strength (+3).
Jewellery
 g - a +4 ring of slaying (left hand)
 h - a +6 ring of strength (right hand)
 m - an amulet of regeneration (around neck)
 x - a ring of positive energy
 E - a ring of resist corrosion
Wands
 r - a wand of digging (6)
 y - a wand of quicksilver (6)
Scrolls
 j - a scroll of immolation
 k - 3 scrolls of enchant armour
 l - 5 scrolls of fear
 n - a scroll of magic mapping
 o - 2 scrolls of vulnerability
 s - a scroll of poison
 t - 2 scrolls of amnesia
 u - 2 scrolls of teleportation
 v - a scroll of silence {unknown}
 C - 5 scrolls of blinking
 J - a scroll of fog {unknown}
Potions
 e - 6 potions of brilliance
 f - 2 potions of attraction
 p - a potion of curing
 q - 6 potions of heal wounds
 z - 2 potions of magic
 A - a potion of mutation
 B - a potion of resistance
 G - a potion of might
Miscellaneous
 H - a piece from Xom's chessboard (15/15)


   Skills:
 + Level 4.9 Fighting
 - Level 1.7 Throwing
 - Level 6.0 Armour
 + Level 7.1 Dodging
 - Level 3.0 Stealth
 + Level 11.4 Unarmed Combat
 * Level 9.1 Invocations


You had 10 spell levels left.
You didn't know any spells.
Your spell library contained the following spells:

 Spells                   Type           Power      Damage    Failure   Level
 Tukima's Dance           Hex            0%         N/A       86%         3
 Anguish                  Hex/Necr       0%         N/A       99%         4
 Cause Fear               Hex            0%         N/A       99%         4
 Passage of Golubria      Tloc           0%         N/A       99%         4
 Yara's Violent Unravell  Hex/Tmut       0%         3d3       100%        5
 Enfeeble                 Hex            0%         N/A       100%        7


Dungeon Overview and Level Annotations

Branches:
Dungeon (9/15)             Temple (1/1) D:4             Orc (1/2) D:9
 Bailey (visited)
   Lair: D:8-11

Altars:
Ashenzari
Cheibriados
Dithmenos
Fedhas
Gozag
Hepliaklqana
Nemelex Xobeh
Okawaru
Qazlal
Ru
Trog
Uskayaw
Wu Jian
Xom
Yredelemnul

Annotations:
D:5 digging wand vault
Orc:1 Hiblur's ghost, journeyman MiFi


Innate Abilities, Weirdness & Mutations

A demonic guardian rushes to your aid.
You regenerate health from kills.
Your touch may inflict irresistible damage on your foes.
Your system is resistant to poisons. (rPois)
You are weak. (Str -2)


Message History

Unknown command.
The air fills with toxic fumes!
As you read the scroll of poison, it crumbles to dust.
Hiblur's ghost is no longer covered in acid.
The orc knight roars a battlecry!
The orc warlord goes into a battle-frenzy!
The orc knight hits you with a +0 great mace.
Unknown command.
Unknown command.
The orc warlord is engulfed in poison gas.
The orc warlord is poisoned.
Unknown command.
The orc knight attacks as you move away!
The orc knight closely misses you.
The orc warlord is engulfed in poison gas.
The orc warlord looks even sicker.
The orc warlord hits you with a +0 scimitar!
Unknown command.
Your briar patch disappears in a puff of smoke!
The orc warlord is engulfed in poison gas.
The orc warlord looks even sicker.
Unknown command.
The orc warlord is engulfed in poison gas.
The orc warlord looks as sick as possible!
Unknown command.
You punch the orc warlord!
You touch the orc warlord!
Your punch misses the orc warlord.
The orc warlord is severely wounded.
The orc warlord is engulfed in poison gas.
The orc warlord looks as sick as possible!
The orc warlord hits you with a +0 scimitar!!
Unknown command.
You punch the orc warlord! Your punch misses the orc warlord.
The orc warlord is almost dead.
The orc warlord is engulfed in poison gas.
The orc warlord looks as sick as possible!
The orc warlord hits you with a +0 scimitar!!!
Ouch! That really hurt!
You die...
Fedhas appreciates your contribution to the ecosystem.

.###......#_.8.#.'....).#
........###[...#.)..P)..#
......#.###= ..#.#)....§#
#.....###.# .##.)#....☼.#
......###.# .8#$.#..o...#
..........# .##..#.....☼#
.#.##.....#8 ....#.§#.☼##
#######...# ######8§o§§☼#
..####....####§§@oW§#..##
...##......##§☼§§#§§.§☼##
#.....#....#.§#.###§#§§☼#
##....####...#### ####.##
#..### #....# ### #...#
###### #####


You could see an orc warlord (strong, extremely poisoned), an orc knight
(strong) and Hiblur's ghost.

Vanquished Creatures
  2 orc knights (Bailey)
  An orc sorcerer (Bailey)
  A kobold demonologist (Bailey)
  A troll (D:7)
  A hornet (D:9)
  Grinder (D:3)
  3 yaks (D:9)
  A basilisk (D:8)
  2 wyverns (D:9)
  3 steam dragons
  4 water moccasins
  16 orc warriors
  An ogre (Orc:1)
  A black bear (D:4)
  4 centaurs
  Blork the orc (D:4)
  A kobold brigand (D:9)
  2 bullfrogs
  A scorpion (D:4)
  3 wights (D:6)
  8 killer bees
  2 electric eels (Bailey)
  A howler monkey (D:6)
  A crimson imp (D:6)
  A hound (D:4)
  3 jellies
  7 orc priests
  6 iguanas
  8 orc wizards
  Natasha (D:3)
  3 gnoll boudas
  Robin (D:2)
  19 gnolls
  12 adders
  2 shadow imps (D:6)
  A white imp (D:6)
  2 worms
  35 orcs
  6 bats
  4 endoplasms
  A giant cockroach (D:1)
  25 goblins
  10 hobgoblins
  4 jackals (D:2)
  4 quokkas
  10 ball pythons
  3 frilled lizards
  13 kobolds
  6 rats
  2 butterflies (D:9)
251 creatures vanquished.

Vanquished Creatures (collateral kills)
  3 orc warriors
  A gnoll sergeant (D:8)
  A scorpion (D:5)
  2 wights (D:6)
  An electric eel (Bailey)
  2 gnoll boudas
  2 iguanas (D:5)
  A sleepcap (D:5)
  Natasha (D:3)
  An orc wizard (D:5)
  16 gnolls
  A white imp (D:5)
  3 orcs
  2 goblins (Bailey)
  8 ballistomycete spores (Orc:1)
45 creatures vanquished.

Vanquished Creatures (others)
  An orc (D:9)
  2 ballistomycete spores (Orc:1)
3 creatures vanquished.

Grand Total: 299 creatures vanquished

Notes
Turn   | Place    | Note
-------+----------+-------------------------------------------
     0 | D:1      | Nonny the Demonspawn Gladiator began the quest for the Orb.
     0 | D:1      | Reached XP level 1. HP: 16/16 MP: 1/1
   116 | D:1      | +4 ring of slaying and +6 ring of strength found in
                  | southeastern area.
   388 | D:1      | Gained mutation: You regenerate a little health from kills.
                  | [demonic ancestry]
   388 | D:1      | Reached XP level 2. HP: 22/22 MP: 2/2
   601 | D:1      | Reached skill level 1 in Stealth
   900 | D:2      | Gained mutation: A weak demonic guardian rushes to your
                  | aid. [demonic ancestry]
   900 | D:2      | Reached XP level 3. HP: 26/27 MP: 3/3
   991 | D:2      | Noticed Robin
  1014 | D:2      | Killed Robin
  1021 | D:2      | Reached XP level 4. HP: 34/34 MP: 4/4
  1047 | D:2      | amulet of guardian spirit
  1047 | D:2      | Goblin had regen amulet. :)
  1071 | D:2      | Found a faded altar of an unknown god.
  1470 | D:3      | Noticed Grinder
  1606 | D:3      | Found a stormy altar of Qazlal.
  1607 | D:3      | Found a shadowy altar of Dithmenos.
  1643 | D:3      | Gained mutation: You are frail. (-10% HP) [potion of
                  | mutation]
  1643 | D:3      | Gained mutation: Your spells are a little harder to cast,
                  | but a little more powerful. [potion of mutation]
  1648 | D:3      | Gained mutation: Your touch may inflict minor irresistible
                  | damage on your foes. [demonic ancestry]
  1648 | D:3      | Reached XP level 5. HP: 36/36 MP: 5/5
  1805 | D:3      | Noticed Natasha
  1809 | D:3      | Killed Natasha
  1826 | D:3      | Killed Grinder
  1827 | D:3      | Reached skill level 1 in Armour
  1827 | D:3      | Reached skill level 5 in Dodging
  1827 | D:3      | Reached skill level 3 in Unarmed Combat
  1827 | D:3      | Gained mutation: A demonic guardian rushes to your aid.
                  | [demonic ancestry]
  1827 | D:3      | Reached XP level 6. HP: 36/42 MP: 6/6
  1914 | D:3      | Noticed Natasha
  1985 | D:3      | Killed Natasha
  2274 | D:3      | staff of conjuration
  2282 | D:3      | Pretty little vault here.
  2356 | D:4      | Reached XP level 7. HP: 9/46 MP: 7/7
  2474 | D:4      | Noticed Blork the orc
  2494 | D:4      | Killed Blork the orc
  2495 | D:4      | Reached skill level 4 in Unarmed Combat
  2569 | D:4      | Found a staircase to the Ecumenical Temple.
  2585 | Temple   | Entered the Ecumenical Temple
  2622 | Temple   | Temple: freezing clouds!
  2877 | D:4      | Reached skill level 5 in Unarmed Combat
  3043 | D:4      | Reached XP level 8. HP: 40/52 MP: 8/8
  3164 | D:5      | Entered Level 5 of the Dungeon
  3385 | D:5      | Reached skill level 6 in Unarmed Combat
  3434 | D:5      | Lost mutation: Your spells are a little harder to cast, but
                  | a little more powerful. [potion of mutation]
  3434 | D:5      | Lost mutation: You are frail. (-10% HP) [potion of
                  | mutation]
  3434 | D:5      | Gained mutation: You are weak. (Str -2) [potion of
                  | mutation]
  3434 | D:5      | Gained mutation: Your system is resistant to poisons.
                  | (rPois) [potion of mutation]
  3607 | D:5      | Noticed a two-headed ogre
  3944 | D:6      | Reached skill level 7 in Unarmed Combat
  4041 | D:6      | Found a broken altar of Ashenzari.
  4041 | D:6      | Found a blossoming altar of Fedhas.
  4131 | D:6      | Became a worshipper of Fedhas Madash
  4187 | D:6      | Gained mutation: Your touch may inflict irresistible damage
                  | on your foes. [demonic ancestry]
  4187 | D:6      | Reached XP level 9. HP: 47/63 MP: 9/9
  4249 | D:6      | Reached skill level 1 in Invocations
  4637 | D:7      | Noticed a troll
  4648 | D:7      | Killed a troll
  4649 | D:7      | Reached skill level 8 in Unarmed Combat
  4767 | D:7      | Reached * piety under Fedhas
  4781 | D:7      | Reached skill level 5 in Armour
  5490 | D:8      | Found a flagged portal.
  5508 | D:8      | It's in the western half of the floor.
  5510 | Bailey   | Entered a bailey
  5629 | Bailey   | Noticed an orc knight
  5637 | Bailey   | Killed an orc knight
  5638 | Bailey   | Reached skill level 9 in Unarmed Combat
  5655 | Bailey   | Noticed an orc sorcerer
  5656 | Bailey   | Reached XP level 10. HP: 71/71 MP: 13/13
  5677 | Bailey   | Killed an orc sorcerer
  5678 | Bailey   | Reached skill level 5 in Invocations
  5694 | Bailey   | Identified the +4 ring mail "Viergh" {Str+3}
  5827 | Bailey   | Acquired a manual of Invocations
  5843 | Bailey   | Reached ** piety under Fedhas
  5905 | Bailey   | Noticed an orc knight
  5934 | Bailey   | Killed an orc knight
  5935 | Bailey   | Reached skill level 10 in Unarmed Combat
  6040 | Bailey   | Found an iron altar of Okawaru.
  6950 | D:9      | Reached *** piety under Fedhas
  7029 | D:9      | Found a shimmering altar of Xom.
  7134 | D:9      | Found a staircase to the Orcish Mines.
  7165 | D:9      | Reached skill level 11 in Unarmed Combat
  7266 | D:9      | Gained mutation: You regenerate health from kills. [demonic
                  | ancestry]
  7266 | D:9      | Reached XP level 11. HP: 38/78 MP: 17/17
  7346 | D:9      | Reached **** piety under Fedhas
  7725 | Orc:1    | Entered Level 1 of the Orcish Mines
  7822 | Orc:1    | Found a runed translucent gate.
  7823 | Orc:1    | Found a runed translucent gate.
  7823 | Orc:1    | Noticed an orc knight
  7823 | Orc:1    | Noticed Hiblur's ghost (journeyman MiFi)
  7824 | Orc:1    | Found a runed translucent gate.
  7826 | Orc:1    | Noticed an orc knight
  7828 | Orc:1    | Noticed an orc warlord
  7877 | Orc:1    | Slain by an orc warlord

Illustrated notes .#.#...# .# .#....# #.##.....# .#.#.....# #.#......# ##.......# ..........# ... ...........@.# ...# ....##.......# ..#.##..##.#......# .#.#.#..#.#.#.....# .##.#....#.##.....# #.##......##.#....# .#..........#.#...# #............##...# ...............#..# Turn 116 on D:1: +4 ring of slaying and +6 ring of strength found in southeastern area. ......##############..## ..#.#.# #######.)# ..#.#.# #. ..)##)## ..#.#.. #)###.##..# ###.##.# #......)).# #.. .# #......##.# #.# ## ##.##..# ... ..# #.#...# .#..# .## #@#..## .#..# #.....# .. .# ......## ## .. ~~...#.... #. ....~..###### ~~..~.. .b~~... ⌠...... Turn 1047 on D:2: amulet of guardian spirit ##.#.......# # #..<##.#### # ###.##.## #######.#P.P# #....####≈.≈## #### #.♣.♣.##≈≈.≈≈###... #.....P≈≈≈.≈≈≈P#... #..8............... #.@...P≈≈≈.≈≈≈P#... #.♣.♣.##≈≈.≈≈###... #....####≈.≈##...## #######.#P.P#.#.### #.##.##...### #.#.......... #.#.....>###. #.#......# #. ####### ######### #........###. Turn 2274 on D:3: staff of conjuration #......###.# ##.#.#.## ##.#.......# #.###.... #..<##.#### ##.#.#.#. ###.##.## ##...... #######.#P.P# ##.#... #....####≈.≈## ##### #.###. #.♣.♣.##≈≈.≈≈###...# #.##.. #.....P≈≈≈.≈≈≈P#...###.##.# #..8......@.........##.##.# #.|...P≈≈≈.≈≈≈P#....##..... #.♣.♣.##≈≈.≈≈###....#####.# #....####≈.≈##...##.# #.# #######.#P.P#.#.###.# #.# #.##.##...###.# #)# #.#...........### #.# #.#.....>###....# #.# #.#......# #.##.# #.# Turn 2282 on D:3: Pretty little vault here. ################# #○.○○○○○○○☼☼○○○○# #○°○.○.○○○.○°°.○# #○...°.°°○°○°○○.# #○☼._..._..._°○.# #.○°.........○○○# #○○........._.○○# #°.○.........°°.# #°☼○_...@..._.○○# #○.○.........°○○# #°.○_......._.☼°# #○☼°.........°°○# #○°°_._._....°☼.# #.○°○○○°.☼°.○○○.# #○°○°○○○○☼.°°..○# #○○°.○.°○.○.○°○○# ################# Turn 2622 on Temple: Temple: freezing clouds!

***,*,,,,,,,,,,,,,,,** *,
,,,,**,**#.###.###,** ***,
***,,,,>,........####### *,,,
**,****##............# *,**
****,,,,.......8.....#.# *,*
,,,,,***#...8.....8..#.# *,*
****,***##...........#.# *,*
*,,,,.............#.# *,**
******#8....∩@...8#.# *,,,
***###...........#.# *,**
*,,,...............# *,**
*,**##..8.....8..#.# ***,**
**<**#......8.....#.# *,,,*,
*,*,,...##....##..#.# *,,,,,
**,**#.,*#..####.##.#****,,,*,
*** *,,*#..# #.#*..,,,,,,,**
*,,*#..# #.#*##,,,***,**


Turn 5508 on D:8: It's in the western half of the floor.

Levels and vault maps discovered:
D:1:      eino_arrival_druids_welcome, layout_basic, minmay_strange_pillars,
          minmay_misc_feat_secret_circle, dk_noncrumbling_4
D:2:      cheibrodos_helix_gallery, layout_basic,
          hellmonk_ecumenical_altar_lost_god, uniq_robin
D:3:      layout_loops_cross, mainiacjoe_overflow_catwalk_spiral,
          dreamdust_princess_bridge, kennysheep_generic_room_7, uniq_natasha,
          uniq_grinder
D:4:      layout_basic, temple_green, kennysheep_donut, minivault_4,
          uniq_blork_the_orc
D:5:      kennysheep_six_static_rooms, layout_rooms, lightli_corner_chamber
D:6:      layout_loops_ring, gammafunk_temple_overflow_statue, st_stairs_9,
          minmay_fire_ice_demons
D:7:      layout_basic, minmay_misc_feat_rugged
D:8:      layout_loops_ring, enter_bailey_6, hangedman_decor_diamond_cutter,
          nicolae_concentric_dashed_squares_wild
D:9:      layout_basic, xom_butterflies, orc_0_dummy
Temple:   minmay_freezing_vapour_temple
Orc:1:    layout_diamond_mine, biasface_ghost_orc_armoury

Skill      XL: |  1  2  3  4  5  6  7  8  9 10 11 |
---------------+----------------------------------+-----
Dodging        | 3 4 5 6 7 |  7.1
Stealth        | 1 2 3 |  3.0
Fighting       | 3 4 |  4.9
Armour         | 1 3 4 5 6 |  6.0
Unarmed Combat | 3 5 7 9 11 | 11.4
Invocations    | 4 8 9 |  9.1
Throwing       | |  1.7

Action                     |  1- 3 |  4- 6 |  7- 9 | 10-12 || total
---------------------------+-------+-------+-------+-------++-------
  Melee: Unarmed           |    90 |    54 |   248 |   235 ||   627
         Punch             |     1 |       |     9 |    15 ||    25
         Rapier            |       |    47 |       |       ||    47
         Touch             |       |     8 |    54 |    54 ||   116
  Throw: Stone             |     1 |       |     8 |       ||     9
         Throwing net      |       |     1 |       |       ||     1
 Invoke: Grow Ballistomyce |       |       |       |     2 ||     2
         Wall of Briars    |       |       |       |     1 ||     1
  Evoke: Wand              |       |       |     6 |     1 ||     7
    Use: Scroll            |       |     7 |     9 |     6 ||    22
         Potion            |       |     5 |     3 |     2 ||    10
   Stab: Sleeping          |     1 |     4 |     8 |     1 ||    14
         Distracted        |       |     1 |       |       ||     1
         Held in net/web   |       |     1 |       |       ||     1
 Armour: Leather armour    |    20 |    33 |    38 |    10 ||   101
         Ring mail         |       |       |       |    72 ||    72
  Dodge: Dodged            |    58 |    90 |   192 |   203 ||   543
